 Dungeon Crawl Stone Soup version 0.29-a0-243-g602b31c20e (webtiles) character file.

Game seed: 6058587417458040636

16 spaghetti the Ruffian (level 2, -7/36 HPs)
             Began as a Demonspawn Berserker on Mar 4, 2022.
             Was a Follower of Trog.
             Mangled by a gnoll
             ... wielding a +0 club
              (9 damage)
             ... on level 2 of the Dungeon.
             The game lasted 00:00:26 (242 turns).

spaghetti the Ruffian (Demonspawn Berserker)         Turns: 242, Time: 00:00:27

Health: -7/36      AC:  2    Str: 17    XL:     2   Next: 37%
Magic:  2/2        EV: 12    Int:  8    God:    Trog [*.....]
Gold:   0          SH:  0    Dex: 12    Spells: 1/1 levels left

rFire   . . .      SeeInvis .     - Unarmed
rCold   . . .      Faith    .   (no shield)
rNeg    . . .      Spirit   .   a - +0 animal skin
rPois   .          Reflect  .   (no helmet)
rElec   .          Harm     .   (no cloak)
rCorr   .          Rampage  .   (no gloves)
Will    .....                   (no boots)
Stlth   ..........              (no amulet)
HPRegen 0.12/turn               (no ring)
MPRegen 0.08/turn               (no ring)

@: berserking, very quick
A: demonic magic 1
a: Renounce Religion, Berserk


You were on level 2 of the Dungeon.
You worshipped Trog.
Trog was aware of your devotion.
You visited 1 branch of the dungeon, and saw 2 of its levels.


Innate Abilities, Weirdness & Mutations

Spells you cast may paralyse adjacent enemies.


   Skills:
 - Level 3.0 Fighting
 - Level 1.7 Armour
 - Level 1.7 Dodging
 + Level 3.4 Unarmed Combat


You had one spell level left.
You didn't know any spells.
Your spell library contained the following spells:

 Spells                   Type           Power      Damage    Failure   Level
 Summon Small Mammal      Summ           0%         N/A       41%         1
 Call Canine Familiar     Summ           0%         N/A       78%         3
 Summon Guardian Golem    Hex/Summ       0%         N/A       78%         3

Inventory:

Armour
 a - a +0 animal skin (worn)
Scrolls
 b - a scroll of identify {unknown}

Dungeon Overview and Level Annotations

Branches:
Dungeon (2/15)

Altars:
Kikubaaqudgha

.# #[......# .#
#.......# #...# .#
###...### #...# ## #...#
#...# #######.## #...#
.....##.########>!.#####
####.##.#.............:.
..##.##...)....g.g......
#.##.##.........@g......
#.##.#...######......###
.....#.#.# #....#.#
..####.#.# #....# # ..#
#.#.# #...... ..# #.#.#
#....#.. ..# #.#.#
#.......# .... #.....#.#
.####


You could see 2 gnolls and a goblin.


Message History

You hit the goblin but do no damage. The goblin barely misses you.
You closely miss the goblin. The goblin closely misses you.
You barely miss the goblin. The goblin closely misses you.
You barely miss the goblin. The goblin barely misses you.
You miss the goblin.
The goblin hits you with a +0 dagger. 😕 HP[-1]
You take 1 damage, and now have 17/18 hp.
You hit the goblin.
You kill the goblin!
Trog accepts your kill.
Your Unarmed Combat skill increases to level 3!
No target in view!
No target in view!
No target in view!
No target in view!
Things that are here:
a +0 dagger {short}; a goblin corpse; 😎 HP[+1]
Your hp is fully restored (18).
Found a stone staircase leading down.
A bat comes into view.
The bat barely misses you.
A bat is nearby!
You hit the bat.
You kill the bat!
Trog accepts your kill.
No target in view!
A goblin comes into view. It is wielding a +0 dagger.
A goblin is nearby!
A goblin is nearby!
A goblin is nearby!
The goblin shouts!
The goblin hits you with a +0 dagger. 😕 HP[-2]
You take 2 damage, and now have 16/18 hp.
You punch the goblin!
You kill the goblin!
Trog accepts your kill.
No target in view!
No target in view!
No target in view!
No target in view!
No target in view!
No target in view!
No target in view!
No target in view!
Things that are here:
a +0 dagger {short}; a goblin corpse; 😎 HP[+2]
Your hp is fully restored (18).
b - a scroll labelled KUIDYI PEGEIGELY Key pressed, stopping explore.
No target in view!
Key pressed, stopping explore.
Found a stone staircase leading up.
No target in view!
No target in view!
Found a stone staircase leading down.
You see here a +0 hand axe {axe}.
A gnoll comes into view. It is wielding a +0 club.
The gnoll shouts!
A gnoll is nearby!
A gnoll comes into view. It is wielding a +0 halberd.
The gnoll moves out of view.
A gnoll comes into view. It is wielding a +0 whip of draining.
The gnoll shouts!
A goblin comes into view. It is wielding a +0 dagger.
The goblin shouts!
The gnoll hits you with a +0 club! 😮 HP[-7]
You take 7 damage, and now have 11/18 hp.
MASSIVE DAMAGE!! (PAUSE)
A red film seems to cover your vision as you go berserk!
You feel yourself moving faster!
You feel mighty! The gnoll misses you. 😮 HP[+5]
You now have 27 max hp (+9).
You regained 5 hp, and now have 16/27 hp.
You hit the gnoll. The gnoll hits you with a +0 halberd.
* * * LOW HITPOINT WARNING * * *
The gnoll closely misses you.
The gnoll hits you with a +0 whip of draining.
* * * LOW HITPOINT WARNING * * *
You feel drained.
* * * LOW HITPOINT WARNING * * *
😱 HP[-14]
You now have 25 max hp (-2).
You take 14 damage, and now have 2/25 hp.
MASSIVE DAMAGE!! (PAUSE) Unknown command.
Unknown command.
You punch the gnoll!
You kill the gnoll!
Trog accepts your kill.
Your life force feels restored.
You have reached level 2!
Your demonic ancestry asserts itself...
A menacing aura infuses your magic. 😱 MP[+1]
You now have 36 max hp (+11).
Your mp is fully restored (2).
You punch the gnoll! The gnoll hits you with a +0 club!
You die...

Skill      XL: |  1 |
---------------+----+-----
Unarmed Combat | 3 |  3.4
Fighting       | |  3.0
Armour         | |  1.7
Dodging        | |  1.7

Action                   || total
-------------------------++-------
Melee: Unarmed           ||    29
Invok: Berserk           ||     1
Armor: Animal skin       ||     8
Dodge: Dodged            ||    29

Levels and vault maps discovered:
D:1:      dpeg_arrival_simpleton_b, layout_loops_corners, feat_on_display
D:2:      layout_loops_cross, basic_altar, minmay_small_reverse_x

Notes
Turn   | Place    | Note
-------+----------+-------------------------------------------
     0 | D:1      | spaghetti the Demonspawn Berserker began the quest for the
                  | Orb.
     0 | D:1      | Reached XP level 1. HP: 18/18 MP: 1/1
     0 | D:1      | magus.rc [v1.9.6]
    53 | D:1      | You pick up a book of Callings {forbidden} and begin
                  | reading...
    53 | D:1      | You add the spells Summon Small Mammal, Call Canine
                  | Familiar and Summon Guardian Golem to your library.
    90 | D:2      | Found an ancient bone altar of Kikubaaqudgha.
    99 | D:2      | Reached skill level 3 in Unarmed Combat
   240 | D:2      | HP: 5/27 [gnoll/+0 whip of draining (6)]
   240 | D:2      | HP: 2/25 [gnoll/+0 whip of draining (3)]
   242 | D:2      | Gained mutation: Spells you cast may paralyse adjacent
                  | enemies. [demonic ancestry]
   242 | D:2      | Reached XP level 2. HP: 2/24 MP: 2/2
   242 | D:2      | Mangled by a gnoll

Vanquished Creatures
  A gnoll (D:2)
  A ball python (D:1)
  2 goblins (D:2)
  2 bats
  A frilled lizard (D:1)
7 creatures vanquished.

Table legend:
 A = Non-vault XP
 B = Vault XP
 C = Vault XP percentage of total XP
 D = Non-vault monster count
 E = Vault monster count
 F = Vault count percentage of total count
                 A         B        C        D         E       F
            +---------+---------+-------+---------+---------+-------
      Total |      23 |       0 |   0.0 |       7 |       0 |   0.0
            +---------+---------+-------+---------+---------+-------
        D:1 |       4 |       0 |   0.0 |       3 |       0 |   0.0
        D:2 |      19 |       0 |   0.0 |       4 |       0 |   0.0
            +---------+---------+-------+---------+---------+-------

Illustrated notes

Table legend:
 A = Kills in this place as a percentage of kills in entire the game.
 B = Kills by you in this place as a percentage of kills by you in the entire game.
 C = Kills by friends in this place as a percentage of kills by friends in the entire game.
 D = Other kills in this place as a percentage of other kills in the entire game.
 E = Experience gained in this place as a percentage of experience gained in the entire game.
 F = Experience gained in this place divided by the number of levels of this place that you have seen.
                   A       B       C       D       E      F
               +-------+-------+-------+-------+-------+----------------------
         Total | 100.0 | 100.0 |   N/A |   N/A | 100.0 |  11.5
       Dungeon | 100.0 | 100.0 |   N/A |   N/A | 100.0 |  11.5
               +-------+-------+-------+-------+-------+----------------------

Table legend: (Time is in decaauts)
 A = Elapsed time spent in this place.
 B = Non-inter-level travel time spent in this place.
 C = Inter-level travel time spent in this place.
 D = Time resting spent in this place.
 E = Time spent auto-exploring this place.
 F = Levels seen in this place.
 G = Mean time per level.
                   A        B        C        D        E       F      G
               +--------+--------+--------+--------+--------+-----+--------+
         Total |    239 |    231 |      8 |      0 |    168 |   2 |  119.5 |
       Dungeon |    239 |    231 |      8 |      0 |    168 |   2 |  119.5 |
               +--------+--------+--------+--------+--------+-----+--------+

Top non-repeatable levels by time:
     D:2: 151 daAuts
     D:1: 88 daAuts
